 Dungeon Crawl Stone Soup version 0.29.0-4-gdea44cf6ec (webtiles) character file.

Game seed: 6051232782112508437

51 qw the Chopper (level 3, 0/21 HPs)
             Began as a Tengu Warper on Aug 28, 2022.
             Slain by an adder (3 damage)
             ... on level 3 of the Dungeon.
             The game lasted 00:00:09 (1842 turns).

qw the Chopper (Tengu Warper)                       Turns: 1842, Time: 00:00:10

Health: 0/21       AC:  5    Str: 13    XL:     3   Next: 81%
Magic:  7/7        EV: 11    Int: 13    God:
Gold:   46         SH:  0    Dex: 13    Spells: 6/6 levels left

rFire   . . .      SeeInvis .   Y - +0 hand axe
rCold   . . .      Faith    .   (no shield)
rNeg    + . .      Spirit   .   h - +0 ring mail
rPois   .          Reflect  .   (helmet restricted)
rElec   .          Harm     .   (no cloak)
rCorr   .          Rampage  .   (no gloves)
Will    .....                   (boots unavailable)
Stlth   +.........              l - amulet of the acrobat
HPRegen 0.07/turn               k - ring of positive energy
MPRegen 0.10/turn               (no ring)

@: no status effects
A: beak, talons 3
a: no special abilities


You were on level 3 of the Dungeon.
You visited 1 branch of the dungeon, and saw 3 of its levels.

You collected 46 gold pieces.


Innate Abilities, Weirdness & Mutations

You have a beak for a mouth.
You have claws for feet.


   Skills:
 - Level 2.0 Fighting
 + Level 4.4 Axes
 - Level 1.0 Throwing
 - Level 1.1 Armour
 - Level 2.1 Dodging
 - Level 2.0 Spellcasting
 - Level 2.4 Translocations


You had 6 spell levels left.
You didn't know any spells.
Your spell library contained the following spells:

 Spells                   Type           Power      Damage    Failure   Level
 Blink                    Tloc           14%        N/A       30%         2
 Gell's Gravitas          Tloc           7%         N/A       52%         3
 Lesser Beckoning         Tloc           7%         N/A       52%         3
 Teleport Other           Tloc           7%         N/A       52%         3
 Manifold Assault         Tloc           7%         N/A       99%         5

Inventory:

Hand Weapons
 f - a +0 club
 Y - a +0 hand axe (weapon)
Armour
 h - a +0 ring mail (worn)
Jewellery
 k - a ring of positive energy (left hand)
 l - an amulet of the acrobat (around neck)
Scrolls
 i - a scroll of enchant armour
Potions
 e - 2 potions of curing
 g - a potion of might {unknown}
 j - a potion of ambrosia {unknown}

Dungeon Overview and Level Annotations

Branches:
Dungeon (3/15)

Altars:


Message History

As you read the scroll labelled YVYASH QOCHAO, it crumbles to dust.
You feel strangely unstable.
It was a scroll of teleportation.
You start waiting.
Your surroundings suddenly seem different.
Done exploring.
1827 ||| READING 2 scrolls labelled LAUPNU ZUUHEA.
As you read the scroll labelled LAUPNU ZUUHEA, it crumbles to dust.
It is a scroll of enchant armour.
Really abort (and waste the scroll)?
Done exploring.
(D) Dungeon
Where to? (* - list waypoints, Enter - D:2, ? - help)
What level of the Dungeon? (default 1, ? - help)
There is a stone staircase leading down here.
You climb downwards.
The gnoll shouts! x4; The adder hisses angrily.
Found a ring mail and 11 gold pieces.
Found a stone staircase leading down.
There is a stone staircase leading up here.
There are monsters nearby!
Existing waypoints: (1) D:2 (2) D:1 Assign waypoint to what number? (0-9, D - delete waypoint) Waypoint 2 re-assigned from D:1 to D:3.
Enter note:
Found 9 gold pieces.
The gnoll completely misses you.
You see here a +0 ring mail.
You completely miss the gnoll. You claw the gnoll.
You peck the gnoll, but do no damage.
The gnoll is heavily wounded.
You hit the gnoll. The gnoll hits you but does no damage.
The gnoll hits you with a +0 flail.
You barely miss the gnoll.
The gnoll is heavily wounded.
You hit the gnoll but do no damage. You hit the adder but do no damage.
The adder bites you but does no damage. The gnoll hits you with a +0 flail!
The gnoll hits you with a +0 spear.
The gnoll hits you from afar with a +0 spear.
The adder bites you.
You die...

#########
#.......#
#.>.....#
###..gg.<.#
......g@..#
##....gS...#
#.........#
#......$..#
#...........
######.......
#.......#
#....$..#


You could see 4 gnolls and an adder.

Vanquished Creatures
  An adder (D:2)
  A worm (D:2)
  5 dart slugs
  6 ball pythons
  2 endoplasms (D:1)
  A giant cockroach (D:1)
  2 hobgoblins (D:2)
  A quokka (D:2)
  2 bats (D:2)
  A frilled lizard (D:2)
  4 goblins (D:2)
  4 rats
30 creatures vanquished.

Notes
Turn   | Place    | Note
-------+----------+-------------------------------------------
     0 | D:1      | qw the Tengu Warper began the quest for the Orb.
     0 | D:1      | Reached XP level 1. HP: 12/12 MP: 4/4
     0 | D:1      | 0 ||| qw: Version: 0.1-a-89-g26bdef1
     0 | D:1      | 0 ||| qw: Game counter: 2338
     0 | D:1      | 0 ||| qw: Always use a shield: true
     0 | D:1      | 0 ||| qw: God list: Okawaru
     0 | D:1      | 0 ||| qw: Allow faded altars: false
     0 | D:1      | 0 ||| qw: Do Orc after D:15 true
     0 | D:1      | 0 ||| qw: Do second Lair branch before Depths: true
     0 | D:1      | 0 ||| qw: Lair rune preference: random
     0 | D:1      | 0 ||| qw: Plans: Normal
     0 | D:1      | 0 ||| PLANNING D:1-11
    26 | D:1      | 26 ||| Stepping ~*~*~tactically~*~*~ (hiding).
   128 | D:1      | 128 ||| Stepping ~*~*~tactically~*~*~ (hiding).
   313 | D:1      | 313 ||| Stepping ~*~*~tactically~*~*~ (hiding).
   314 | D:1      | 314 ||| Stepping ~*~*~tactically~*~*~ (hiding).
   323 | D:1      | Reached skill level 3 in Axes
   323 | D:1      | Reached XP level 2. HP: 17/17 MP: 6/6
   670 | D:1      | Found a faded altar of an unknown god.
  1081 | D:1      | 1081 ||| READING 3 scrolls labelled SEINAN ZEAL.
  1082 | D:1      | 1082 ||| DRINKING 2 cyan potions.
  1083 | D:1      | 1083 ||| DROPPING 2 scrolls of fear.
  1084 | D:1      | 1084 ||| DROPPING scroll of blinking.
  1134 | D:2      | Reached XP level 3. HP: 14/21 MP: 7/7
  1134 | D:2      | 1134 ||| STAIRDANCE
  1263 | D:2      | 1263 ||| Stepping ~*~*~tactically~*~*~ (hiding).
  1417 | D:2      | Reached skill level 4 in Axes
  1803 | D:2      | 1803 ||| UPGRADING to +0 ring mail.
  1813 | D:2      | 1813 ||| DROPPING +0 leather armour.
  1814 | D:2      | 1814 ||| UPGRADING to amulet of the acrobat.
  1819 | D:2      | 1819 ||| UPGRADING to ring of positive energy.
  1820 | D:2      | 1820 ||| READING scroll labelled ZULUAT JABIC.
  1821 | D:2      | 1821 ||| READING scroll labelled MUGOOH RION.
  1822 | D:2      | 1822 ||| READING scroll labelled YVYASH QOCHAO.
  1827 | D:2      | 1827 ||| READING 2 scrolls labelled LAUPNU ZUUHEA.
  1842 | D:3      | HP: 5/21 [gnoll/+0 spear (5)]
  1842 | D:3      | Slain by an adder

Levels and vault maps discovered:
D:1:      dpeg_arrival_rooms_a, layout_basic,
          chequers_ecumenical_altar_simple_redux
D:2:      layout_rooms
D:3:      layout_basic, serial_shops, shop, uniq_robin

Skill      XL: |  1  2  3 |
---------------+----------+-----
Axes           | 3 4 |  4.4
Fighting       | |  2.0
Throwing       | |  1.0
Armour         | |  1.1
Dodging        | |  2.1
Spellcasting   | |  2.0
Translocations | |  2.4

Action                   || total
-------------------------++-------
Melee: Hand axe          ||    71
       Kick              ||    17
       Peck              ||    12
       Punch             ||     1
Throw: Boomerang         ||     7
  Use: Scroll            ||     5
       Potion            ||     1
Armor: Leather armour    ||    23
       Ring mail         ||     2
Dodge: Dodged            ||    37

Table legend:
 A = Non-vault XP
 B = Vault XP
 C = Vault XP percentage of total XP
 D = Non-vault monster count
 E = Vault monster count
 F = Vault count percentage of total count
                 A         B        C        D         E       F
            +---------+---------+-------+---------+---------+-------
      Total |      73 |       0 |   0.0 |      30 |       0 |   0.0
            +---------+---------+-------+---------+---------+-------
        D:1 |      24 |       0 |   0.0 |      10 |       0 |   0.0
        D:2 |      49 |       0 |   0.0 |      20 |       0 |   0.0
            +---------+---------+-------+---------+---------+-------
